 Dungeon Crawl Stone Soup version 0.27.0-1-g7a089689b8 (webtiles) character file.

Game seed: 11454869938736525589

64 Delamore the Sneak (level 4, -3/29 HPs)
             Began as an Octopode Brigand on Aug 6, 2021.
             Slain by a gnoll (7 damage)
             ... on level 2 of the Dungeon.
             The game lasted 00:00:57 (1638 turns).

Delamore the Sneak (Octopode Brigand)               Turns: 1638, Time: 00:00:58

Health: -3/29      AC:  1    Str: 10    XL:     4   Next: 12%
Magic:  4/4        EV: 12    Int: 13    God:
Gold:   21         SH:  0    Dex: 14    Spells: 3/3 levels left

rFire    . . .     SeeInvis .   a - +2 dagger
rCold    . . .     Faith    .   (no shield)
rNeg     . . .     Spirit   .   (helmet restricted)
rPois    .         Reflect  .   (no amulet)
rElec    .         Harm     .   (no ring)
rCorr    .         Rampage  .   (no ring)
Will     .....                  (no ring)
Stlth    ++++......             (no ring)
HPRegen  0.09/turn              (no ring)
MPRegen  0.09/turn              (no ring)
                                (no ring)
                                (no ring)

@: lethally poisoned (-3 -> -6)
A: almost no armour, amphibious, 8 rings, camouflage 1, gelatinous body 1,
(nimble swimmer 1), tentacles
a: no special abilities


You were on level 2 of the Dungeon.
You visited 1 branch of the dungeon, and saw 2 of its levels.

You collected 21 gold pieces.

Inventory:

Hand Weapons
 a - a +2 dagger (weapon)
Missiles
 b - 8 poisoned darts (quivered)
 c - 2 curare-tipped darts
Potions
 d - 2 potions of degeneration {unknown}
 e - 2 potions of curing {unknown}
 f - a potion of lignification {unknown}


   Skills:
 + Level 2.2 Fighting
 * Level 3.0 Short Blades
 - Level 2.0 Throwing
 + Level 1.0 Dodging
 + Level 6.6 Stealth


You had 3 spell levels left.
You didn't know any spells.
Your spell library was empty.

Dungeon Overview and Level Annotations

Branches:
Dungeon (2/15)

Altars:


Innate Abilities, Weirdness & Mutations

You cannot wear most types of armour.
You are amphibious.
You can wear up to eight rings at the same time.
Your skin changes colour to match your surroundings (Stealth+).
Your rubbery body absorbs attacks. (AC +1, EV +1)
((You are camouflaged near water. (Stealth+)))
You have tentacles for arms and can constrict up to eight enemies at once.


Message History

The kobold hits you with a +0 whip.
You are too injured to fight recklessly!
You are too injured to fight recklessly!
You are too injured to fight recklessly!
You are too injured to fight recklessly!
You are too injured to fight recklessly!
You are too injured to fight recklessly!
You barely miss the kobold. You grab the kobold.
You constrict the kobold, but do no damage.
You barely miss the kobold. You constrict the kobold.
The kobold barely misses you.
You hit the kobold but do no damage.
The kobold is moderately wounded.
You constrict the kobold. The kobold hits you with a +0 whip.
You hit the kobold but do no damage. You squeeze the kobold.
You kill the kobold!
You closely miss the adder. You grab the adder. You squeeze the adder!
The adder is almost dead.
You constrict the adder, but do no damage.
The adder bites you.
You are poisoned.
The adder poisons you!
You hit the adder.
The adder is almost dead.
You constrict the adder.
You kill the adder!
You feel sick.
Your Short Blades skill increases to level 3!
You have reached level 4!
You barely miss the gnoll. You grab the gnoll.
You constrict the gnoll, but do no damage.
You feel sick. The gnoll hits you with a +0 club.
* * * LOW HITPOINT WARNING * * *
You hit the gnoll.
You squeeze the gnoll, but do no damage.
The gnoll is lightly wounded.
You constrict the gnoll.
* * * LOW HITPOINT WARNING * * *
You feel sick. The gnoll hits you with a +0 club!
You die...

#......#.######...##
.........#.#### ##.###
.S............# ### #
.##......####.# 8
#.#.....# #.### ##
.####.#.#....# #.#8###8##
#....#.##....# #.........
.....S##.#...####.........
......†.#@#...............
......†.g##...#####8###⌠##
...........#..# ## #
..............#
##..#####.....# ...
####### ##


You could see a gnoll.

Vanquished Creatures
  3 adders (D:2)
  2 worms (D:2)
  A dart slug (D:2)
  2 bats
  4 endoplasms
  A hobgoblin (D:1)
  7 jackals
  A kobold (D:2)
  A quokka (D:2)
  A ball python (D:1)
  3 frilled lizards
  3 rats
29 creatures vanquished.

Notes
Turn   | Place    | Note
-------+----------+-------------------------------------------
     0 | D:1      | Delamore the Octopode Brigand began the quest for the Orb.
     0 | D:1      | Reached XP level 1. HP: 14/14 MP: 1/1
   155 | D:1      | Found a faded altar of an unknown god.
   361 | D:1      | Reached XP level 2. HP: 16/19 MP: 2/2
   745 | D:2      | Reached skill level 6 in Stealth
   803 | D:2      | Reached XP level 3. HP: 24/24 MP: 3/3
  1637 | D:2      | Reached XP level 4. HP: 10/29 MP: 4/4
  1638 | D:2      | Slain by a gnoll

Illustrated notes

Levels and vault maps discovered:
D:1:      dpeg_arrival_long_road, layout_rooms,
          hellmonk_ecumenical_altar_prayer_group, minmay_misc_feat_iff
D:2:      layout_loops_corners, corexii_hall_statues_l, kennysheep_donut,
          minmay_misc_feat_secret_circle

Skill      XL: |  1  2  3 |
---------------+----------+-----
Stealth        | 6 |  6.6
Short Blades   | 3 |  3.0
Fighting       | |  2.2
Throwing       | |  2.0
Dodging        | |  1.0

Action                   |  1- 3 |  4- 6 || total
-------------------------+-------+-------++-------
Melee: Dagger            |    69 |     2 ||    71
       Tentacles         |    14 |     1 ||    15
       Constrict         |    13 |     1 ||    14
 Stab: Sleeping          |     8 |       ||     8
Armor: Skin              |     6 |       ||     6
Dodge: Dodged            |    30 |       ||    30
